General information
- name: BNet
- type: Ladder team game (AT/RT)
- host: Battle.net
- saver: Happybdaywagner
map: MarketSquare
- players: 8
- length: 38:51
- speed: Fast
- version: 1.26 W3XP
- replay type: Public
» download(229 KB)
Players
team 1 (winner)

»
snakeplisken (
teal | 43 APM | 1333 actions | 31:15)
7 Tauren Chieftain
3 Endurance Aura
3 War Stomp
1 Reincarnation
» actions
| Assign group hotkey | 33 | |
| Basic commands | 91 | |
| Build / train | 115 | |
| Enter build submenu | 26 | |
| Enter hero's abilities submenu | 7 | |
| Give item / drop item | 3 | |
| Remove unit from queue | 8 | |
| Right click | 466 | |
| Select / deselect | 344 | |
| Select group hotkey | 141 | |
| Use ability | 99 | |
1333 total
» units
| Peon | 16 | |
| Grunt | 11 | |
| Assassin | 1 | |
| Shaman | 11 | |
| Troll Headhunter/Berserker | 6 | |
| Troll Witch Doctor | 5 | |
| Wind Rider | 1 | |
| Troll Batrider | 2 | |
53 total
» upgrades
| Berserker Strength | 1 | |
| Melee Weapons | 3 | |
| Armor | 3 | |
| Shaman Training | 2 | |
| Pillage | 1 | |
| Witch Doctor Training | 2 | |
| Reinforced Defenses | 1 | |
| Ranged Weapons | 2 | |
| Troll Regeneration | 1 | |
| Berserker Upgrade | 1 | |
| Spiked Barricades | 1 | |
| Envenomed Spears | 1 | |
19 total
» buildings
| Orc Burrow | 13 | |
| Altar of Storms | 2 | |
| Barracks | 1 | |
| Voodoo Lounge | 1 | |
| Stronghold | 1 | |
| War Mill | 2 | |
| Fortress | 1 | |
| Spirit Lodge | 2 | |
| Beastiary | 2 | |
| Great Hall | 1 | |
26 total
» build order
00:09 Orc Burrow
00:12 Altar of Storms
00:14 Barracks
01:46 Orc Burrow
03:04 Voodoo Lounge
03:38 Orc Burrow
04:27 Stronghold
05:46 War Mill
05:49 Orc Burrow
07:37 War Mill
08:15 Fortress
08:19 Spirit Lodge
09:02 Spirit Lodge
09:44 Orc Burrow
10:22 Orc Burrow
11:02 Orc Burrow
19:08 Orc Burrow
19:10 Orc Burrow
19:13 Orc Burrow
22:54 Orc Burrow
23:03 Orc Burrow
23:08 Beastiary
23:10 Beastiary
23:52 Orc Burrow
23:56 Altar of Storms
27:14 Great Hall
» items
| Healing Salve | 6 | |
| Scroll of Speed | 6 | |
| Lesser Clarity Potion | 1 | |
| Scroll of Town Portal | 4 | |
| Scroll of Healing | 1 | |
| Tiny Great Hall | 1 | |
| Orb of Lightning | 1 | |
| Potion of Healing | 4 | |
| Boots of Speed | 1 | |
25 total
CATAPULTDRIVER (
purple | 36 APM | 1376 actions | 38:41)
9 Tauren Chieftain
3 Endurance Aura
3 Shockwave
1 Reincarnation
2 War Stomp
» actions
| Assign group hotkey | 20 | |
| Basic commands | 81 | |
| Build / train | 66 | |
| Enter build submenu | 48 | |
| Enter hero's abilities submenu | 9 | |
| Give item / drop item | 6 | |
| Remove unit from queue | 1 | |
| Right click | 718 | |
| Select / deselect | 223 | |
| Select group hotkey | 80 | |
| Use ability | 124 | |
1376 total
» units
» upgrades
| Reinforced Defenses | 1 | |
| Ranged Weapons | 3 | |
| Armor | 3 | |
| Envenomed Spears | 1 | |
| Ensnare | 1 | |
| Liquid Fire | 1 | |
| Pillage | 1 | |
| War Drums Damage Increase | 1 | |
| Troll Regeneration | 1 | |
| Burning Oil | 1 | |
| Berserker Upgrade | 1 | |
| Berserker Strength | 1 | |
16 total
» buildings
| Orc Burrow | 3 | |
| Altar of Storms | 1 | |
| Barracks | 1 | |
| Voodoo Lounge | 2 | |
| Stronghold | 1 | |
| War Mill | 1 | |
| Great Hall | 3 | |
| Watch Tower | 40 | |
| Fortress | 1 | |
| Beastiary | 7 | |
60 total
» build order
00:11 Orc Burrow
00:58 Orc Burrow
01:09 Altar of Storms
01:11 Barracks
02:15 Voodoo Lounge
02:50 Stronghold
03:55 War Mill
04:45 Orc Burrow
05:42 Great Hall
05:59 Watch Tower
06:00 Watch Tower
06:00 Watch Tower
07:23 Fortress
08:06 Watch Tower
08:06 Watch Tower
08:08 Watch Tower
08:08 Watch Tower
08:28 Watch Tower
08:31 Watch Tower
12:06 Great Hall
12:09 Watch Tower
12:09 Watch Tower
12:10 Watch Tower
12:10 Watch Tower
13:59 Watch Tower
14:01 Watch Tower
14:42 Voodoo Lounge
17:11 Watch Tower
20:05 Beastiary
20:06 Beastiary
20:07 Beastiary
20:07 Beastiary
20:08 Beastiary
20:09 Beastiary
20:20 Beastiary
25:42 Great Hall
25:47 Watch Tower
25:48 Watch Tower
25:48 Watch Tower
25:49 Watch Tower
25:53 Watch Tower
25:53 Watch Tower
25:54 Watch Tower
25:55 Watch Tower
28:12 Watch Tower
28:13 Watch Tower
28:13 Watch Tower
28:14 Watch Tower
28:14 Watch Tower
28:15 Watch Tower
28:16 Watch Tower
28:17 Watch Tower
28:17 Watch Tower
28:18 Watch Tower
28:19 Watch Tower
28:20 Watch Tower
28:21 Watch Tower
28:22 Watch Tower
28:23 Watch Tower
» items
| Healing Salve | 1 | |
| Staff of Teleportation | 2 | |
| Periapt of Vitality | 3 | |
| Boots of Speed | 1 | |
| Scroll of Town Portal | 2 | |
9 total
Happybdaywagner (
blue | 86 APM | 3324 actions | 38:51)
6 Archmage
3 Summon Water Elemental
2 Brilliance Aura
1 Mass Teleport
» actions
| Assign group hotkey | 79 | |
| Basic commands | 106 | |
| Build / train | 179 | |
| Enter build submenu | 73 | |
| Enter hero's abilities submenu | 6 | |
| Give item / drop item | 4 | |
| Right click | 1465 | |
| Select / deselect | 347 | |
| Select group hotkey | 821 | |
| Use ability | 244 | |
3324 total
» units
| Peasant | 23 | |
| Footman | 9 | |
| Dragonhawk Rider | 1 | |
| Gryphon Rider | 2 | |
35 total
» upgrades
| Masonry | 3 | |
| Swords | 3 | |
| Armor | 3 | |
| Lumber Harvesting | 1 | |
| Animal War Training | 1 | |
| Storm Hammers | 1 | |
| Cloud | 1 | |
13 total
» buildings
| Farm | 6 | |
| Altar of Kings | 1 | |
| Barracks | 1 | |
| Arcane Vault | 1 | |
| Lumber Mill | 1 | |
| Town Hall | 2 | |
| Scout Tower | 59 | |
| Guard Tower | 88 | |
| Keep | 4 | |
| Blacksmith | 1 | |
| Castle | 3 | |
| Gryphon Aviary | 2 | |
169 total
» build order
01:19 Farm
01:22 Altar of Kings
01:24 Barracks
01:26 Farm
01:28 Farm
01:39 Farm
02:28 Farm
02:31 Farm
02:40 Arcane Vault
03:05 Lumber Mill
04:41 Town Hall
04:45 Scout Tower
04:46 Scout Tower
04:47 Scout Tower
05:31 Guard Tower
05:31 Guard Tower
05:31 Guard Tower
05:33 Guard Tower
05:33 Guard Tower
05:33 Guard Tower
06:59 Guard Tower
07:00 Keep
07:01 Keep
07:03 Blacksmith
07:07 Scout Tower
07:10 Scout Tower
07:11 Scout Tower
07:16 Scout Tower
07:17 Scout Tower
08:16 Guard Tower
08:16 Guard Tower
09:46 Castle
09:47 Castle
09:50 Gryphon Aviary
09:50 Gryphon Aviary
09:55 Scout Tower
09:56 Scout Tower
09:59 Scout Tower
10:01 Scout Tower
10:02 Scout Tower
10:03 Scout Tower
10:10 Scout Tower
10:11 Scout Tower
11:22 Guard Tower
11:22 Guard Tower
11:24 Guard Tower
20:19 Town Hall
20:22 Scout Tower
20:23 Scout Tower
20:24 Scout Tower
20:26 Scout Tower
20:27 Scout Tower
20:30 Scout Tower
20:31 Scout Tower
20:32 Scout Tower
20:33 Scout Tower
20:53 Guard Tower
20:53 Guard Tower
20:53 Guard Tower
20:54 Guard Tower
20:55 Guard Tower
20:56 Guard Tower
20:57 Guard Tower
20:57 Guard Tower
23:58 Guard Tower
26:02 Scout Tower
26:03 Scout Tower
26:06 Scout Tower
26:08 Scout Tower
26:10 Scout Tower
26:12 Scout Tower
26:16 Scout Tower
26:22 Scout Tower
26:25 Scout Tower
26:29 Guard Tower
26:30 Guard Tower
26:34 Guard Tower
26:34 Guard Tower
26:36 Guard Tower
26:37 Guard Tower
26:38 Guard Tower
26:38 Guard Tower
26:38 Guard Tower
26:40 Scout Tower
26:42 Scout Tower
26:44 Scout Tower
26:54 Guard Tower
26:54 Guard Tower
26:55 Guard Tower
27:00 Scout Tower
27:02 Scout Tower
27:03 Guard Tower
27:03 Guard Tower
27:12 Scout Tower
27:13 Guard Tower
27:13 Guard Tower
27:14 Scout Tower
27:17 Scout Tower
27:22 Scout Tower
27:23 Scout Tower
27:24 Scout Tower
27:30 Guard Tower
27:30 Guard Tower
27:30 Guard Tower
27:39 Guard Tower
27:40 Guard Tower
27:40 Guard Tower
27:48 Scout Tower
27:50 Scout Tower
27:55 Scout Tower
27:56 Guard Tower
27:56 Guard Tower
27:56 Guard Tower
27:59 Guard Tower
27:59 Guard Tower
28:01 Guard Tower
28:01 Guard Tower
28:01 Guard Tower
28:04 Guard Tower
28:04 Guard Tower
28:15 Guard Tower
28:15 Guard Tower
28:24 Guard Tower
28:25 Guard Tower
31:58 Scout Tower
31:59 Scout Tower
32:00 Scout Tower
32:00 Scout Tower
32:02 Scout Tower
32:04 Scout Tower
32:07 Scout Tower
32:13 Scout Tower
32:13 Scout Tower
32:14 Scout Tower
32:16 Scout Tower
32:29 Guard Tower
32:29 Guard Tower
32:29 Guard Tower
32:37 Guard Tower
32:37 Guard Tower
32:39 Guard Tower
32:39 Guard Tower
32:40 Guard Tower
32:40 Guard Tower
32:41 Guard Tower
32:42 Guard Tower
32:42 Guard Tower
» items
| Scroll of Regeneration | 2 | |
| Staff of Teleportation | 1 | |
| Periapt of Vitality | 1 | |
| Scroll of Protection | 2 | |
| Lesser Clarity Potion | 1 | |
| Scroll of Town Portal | 1 | |
| Tiny Great Hall | 3 | |
| Staff of Sanctuary | 1 | |
12 total
555015 (
green | 88 APM | 2846 actions | 32:13)
9 Blademaster
3 Critical Strike
2 Wind Walk
3 Mirror Image
1 Bladestorm
» actions
| Assign group hotkey | 48 | |
| Basic commands | 43 | |
| Build / train | 95 | |
| Enter build submenu | 30 | |
| Enter hero's abilities submenu | 9 | |
| Give item / drop item | 4 | |
| Right click | 1115 | |
| Select / deselect | 348 | |
| Select group hotkey | 1028 | |
| Use ability | 126 | |
2846 total
» units
| Peon | 17 | |
| Grunt | 8 | |
| Tauren | 5 | |
| Troll Witch Doctor | 9 | |
| Shaman | 10 | |
49 total
» upgrades
| Melee Weapons | 3 | |
| Armor | 3 | |
| Berserker Strength | 1 | |
| Shaman Training | 2 | |
| Witch Doctor Training | 3 | |
| Reinforced Defenses | 1 | |
| Pillage | 1 | |
| Pulverize | 1 | |
15 total
» buildings
| Orc Burrow | 13 | |
| Altar of Storms | 1 | |
| Barracks | 1 | |
| Voodoo Lounge | 1 | |
| Stronghold | 1 | |
| War Mill | 2 | |
| Fortress | 1 | |
| Spirit Lodge | 2 | |
| Tauren Totem | 2 | |
| Watch Tower | 4 | |
28 total
» build order
00:07 Orc Burrow
00:10 Altar of Storms
00:20 Barracks
01:21 Voodoo Lounge
02:21 Orc Burrow
02:41 Orc Burrow
03:54 Stronghold
04:26 War Mill
06:18 Fortress
06:35 Orc Burrow
07:02 Spirit Lodge
07:05 Spirit Lodge
08:12 Orc Burrow
08:55 Tauren Totem
09:02 Tauren Totem
10:37 Orc Burrow
19:23 Orc Burrow
19:27 Orc Burrow
19:31 War Mill
20:26 Orc Burrow
29:40 Orc Burrow
29:45 Watch Tower
29:52 Watch Tower
29:58 Orc Burrow
30:07 Watch Tower
30:31 Watch Tower
30:41 Orc Burrow
30:47 Orc Burrow
» items
| Healing Salve | 4 | |
| Scroll of Speed | 3 | |
| Potion of Healing | 4 | |
| Scroll of Town Portal | 2 | |
| Orb of Lightning | 1 | |
| Lesser Clarity Potion | 1 | |
| Potion of Lesser Invulnerability | 1 | |
| Tiny Great Hall | 1 | |
17 total
team 2 (loser)
MomoiroProto (
pink | 60 APM | 1160 actions | 19:13)
3 Beastmaster
1 Summon Bear
2 Summon Hawk
» actions
| Assign group hotkey | 5 | |
| Basic commands | 58 | |
| Build / train | 37 | |
| ESC pressed | 9 | |
| Enter build submenu | 22 | |
| Enter hero's abilities submenu | 3 | |
| Give item / drop item | 1 | |
| Right click | 697 | |
| Select / deselect | 230 | |
| Select group hotkey | 11 | |
| Use ability | 87 | |
1160 total
» units
| Acolyte | 7 | |
| Ghoul | 3 | |
| Crypt Fiend | 5 | |
| Obsidian Statue | 2 | |
17 total
» upgrades
| Creature Attack | 2 | |
| Creature Carapace | 3 | |
| Web | 1 | |
| Destroyer Form | 1 | |
7 total
» buildings
| Ziggurat | 16 | |
| Crypt | 1 | |
| Altar of Darkness | 2 | |
| Graveyard | 1 | |
| Nerubian Tower | 1 | |
| Tomb of Relics | 3 | |
| Halls of the Dead | 1 | |
| Sacrificial Pit | 2 | |
| Black Citadel | 1 | |
| Slaughterhouse | 2 | |
| Necropolis | 2 | |
| Spirit Tower | 3 | |
35 total
» build order
00:09 Ziggurat
00:14 Crypt
00:17 Altar of Darkness
00:19 Altar of Darkness
01:21 Graveyard
02:12 Nerubian Tower
02:52 Ziggurat
02:57 Tomb of Relics
03:52 Halls of the Dead
06:21 Ziggurat
06:40 Sacrificial Pit
06:46 Sacrificial Pit
07:51 Black Citadel
08:54 Slaughterhouse
08:55 Slaughterhouse
11:13 Ziggurat
11:15 Ziggurat
11:17 Ziggurat
11:18 Ziggurat
11:19 Ziggurat
11:27 Necropolis
11:30 Tomb of Relics
12:29 Ziggurat
12:30 Ziggurat
13:10 Spirit Tower
13:27 Spirit Tower
13:27 Spirit Tower
14:03 Ziggurat
14:05 Ziggurat
14:06 Ziggurat
14:07 Ziggurat
14:08 Ziggurat
14:12 Necropolis
14:14 Tomb of Relics
15:00 Ziggurat
» items
| Rod of Necromancy | 1 | |
| Sacrificial Skull | 2 | |
3 total

»
Seraphim (
yellow | 53 APM | 1018 actions | 19:04)
3 Archmage
1 Summon Water Elemental
1 Brilliance Aura
1 Blizzard
2 Paladin
1 Holy Light
1 Divine Shield
» actions
| Assign group hotkey | 11 | |
| Basic commands | 11 | |
| Build / train | 79 | |
| Enter build submenu | 28 | |
| Enter hero's abilities submenu | 6 | |
| Right click | 505 | |
| Select / deselect | 257 | |
| Select group hotkey | 35 | |
| Use ability | 86 | |
1018 total
» units
| Peasant | 22 | |
| Footman | 2 | |
| Rifleman | 3 | |
| Priest | 4 | |
| Gryphon Rider | 5 | |
| Spell Breaker | 2 | |
38 total
» upgrades
| Gunpowder | 1 | |
| Armor | 1 | |
| Lumber Harvesting | 1 | |
| Priest Training | 2 | |
| Animal War Training | 1 | |
| Cloud | 1 | |
7 total
» buildings
| Altar of Kings | 1 | |
| Farm | 12 | |
| Barracks | 2 | |
| Lumber Mill | 1 | |
| Arcane Vault | 1 | |
| Blacksmith | 1 | |
| Town Hall | 2 | |
| Keep | 3 | |
| Scout Tower | 3 | |
| Arcane Sanctum | 3 | |
| Guard Tower | 7 | |
| Gryphon Aviary | 2 | |
| Castle | 2 | |
40 total
» build order
00:13 Altar of Kings
00:17 Farm
00:47 Barracks
00:54 Farm
01:24 Lumber Mill
01:40 Barracks
02:10 Arcane Vault
02:36 Farm
03:36 Blacksmith
04:24 Town Hall
05:52 Keep
05:53 Keep
06:15 Farm
06:17 Farm
07:37 Farm
07:38 Farm
07:39 Farm
07:42 Scout Tower
08:17 Arcane Sanctum
08:20 Guard Tower
08:21 Guard Tower
08:21 Guard Tower
09:29 Town Hall
09:45 Arcane Sanctum
09:49 Gryphon Aviary
09:51 Castle
09:51 Castle
11:06 Scout Tower
11:38 Scout Tower
11:40 Guard Tower
11:40 Guard Tower
11:42 Farm
11:44 Farm
12:17 Arcane Sanctum
12:18 Guard Tower
12:49 Farm
12:51 Farm
14:16 Gryphon Aviary
» items
| Rod of Necromancy | 1 | |
| Potion of Lesser Invulnerability | 1 | |
| Scroll of Protection | 1 | |
| Scroll of Town Portal | 2 | |
| Scroll of Regeneration | 1 | |
| Potion of Healing | 1 | |
7 total
DOLLAR4DOLLAR (
orange | 73 APM | 2812 actions | 38:40)
9 Goblin Tinker
3 Pocket Factory
3 Engineering Upgrade
1 Robo-Goblin
2 Cluster Rockets
» actions
| Assign group hotkey | 43 | |
| Basic commands | 12 | |
| Build / train | 73 | |
| Enter build submenu | 30 | |
| Enter hero's abilities submenu | 9 | |
| Give item / drop item | 2 | |
| Remove unit from queue | 3 | |
| Right click | 1551 | |
| Select / deselect | 296 | |
| Select group hotkey | 598 | |
| Use ability | 195 | |
2812 total
» units
| Peon | 14 | |
| Grunt | 4 | |
| Wind Rider | 9 | |
| Gryphon Rider | 3 | |
30 total
» upgrades
| Ranged Weapons | 3 | |
| Armor | 3 | |
| Reinforced Defenses | 1 | |
| Envenomed Spears | 1 | |
8 total
» buildings
| Altar of Storms | 1 | |
| Orc Burrow | 7 | |
| Barracks | 1 | |
| Stronghold | 1 | |
| Voodoo Lounge | 3 | |
| Great Hall | 1 | |
| War Mill | 1 | |
| Beastiary | 4 | |
| Fortress | 3 | |
| Watch Tower | 35 | |
57 total
» build order
00:14 Altar of Storms
00:23 Orc Burrow
00:38 Barracks
01:26 Orc Burrow
03:05 Stronghold
03:35 Voodoo Lounge
04:44 Great Hall
05:11 Voodoo Lounge
05:14 War Mill
05:37 Beastiary
06:33 Beastiary
06:40 Orc Burrow
06:41 Orc Burrow
07:27 Fortress
07:28 Fortress
07:28 Fortress
08:29 Watch Tower
08:30 Watch Tower
08:30 Watch Tower
08:31 Watch Tower
08:45 Watch Tower
09:32 Orc Burrow
10:31 Orc Burrow
11:16 Watch Tower
11:46 Watch Tower
11:46 Watch Tower
11:47 Watch Tower
12:32 Watch Tower
12:39 Voodoo Lounge
13:00 Watch Tower
14:28 Watch Tower
15:05 Watch Tower
15:06 Watch Tower
15:07 Watch Tower
15:08 Watch Tower
15:09 Watch Tower
15:10 Watch Tower
17:00 Watch Tower
17:01 Watch Tower
17:01 Watch Tower
19:17 Beastiary
19:30 Watch Tower
19:32 Watch Tower
19:32 Watch Tower
24:19 Beastiary
24:23 Orc Burrow
26:28 Watch Tower
26:29 Watch Tower
26:30 Watch Tower
26:30 Watch Tower
26:31 Watch Tower
28:23 Watch Tower
28:24 Watch Tower
28:24 Watch Tower
» items
| Healing Salve | 5 | |
| Staff of Teleportation | 1 | |
| Potion of Lesser Invulnerability | 2 | |
| Scroll of Town Portal | 4 | |
| Potion of Healing | 4 | |
| Scroll of Healing | 2 | |
18 total
Buckles (
red | 37 APM | 709 actions | 19:00)
3 Pandaren Brewmaster
2 Breath of Fire
1 Drunken Haze
» actions
| Assign group hotkey | 6 | |
| Basic commands | 12 | |
| Build / train | 58 | |
| Enter build submenu | 19 | |
| Enter hero's abilities submenu | 3 | |
| Remove unit from queue | 2 | |
| Right click | 295 | |
| Select / deselect | 229 | |
| Select group hotkey | 26 | |
| Use ability | 59 | |
709 total
» units
| Peasant | 5 | |
| Footman | 4 | |
| Rifleman | 18 | |
| Sorceress | 2 | |
29 total
» upgrades
| Gunpowder | 2 | |
| Armor | 2 | |
| Sorceress Training | 1 | |
5 total
» buildings
| Barracks | 1 | |
| Farm | 10 | |
| Altar of Kings | 1 | |
| Scout Tower | 4 | |
| Arcane Vault | 1 | |
| Arcane Tower | 3 | |
| Blacksmith | 1 | |
| Keep | 1 | |
| Arcane Sanctum | 1 | |
| Castle | 1 | |
24 total
» build order
00:04 Barracks
00:22 Farm
00:39 Altar of Kings
01:01 Farm
02:06 Scout Tower
02:08 Scout Tower
03:06 Arcane Vault
03:08 Arcane Tower
03:27 Blacksmith
04:29 Farm
04:30 Farm
08:07 Farm
08:11 Farm
08:11 Farm
08:12 Farm
09:34 Keep
09:59 Scout Tower
10:58 Arcane Tower
11:41 Farm
12:31 Scout Tower
12:34 Farm
13:50 Arcane Tower
14:01 Arcane Sanctum
17:32 Castle
» items
| Scroll of Regeneration | 4 | |
| Lesser Clarity Potion | 3 | |
| Boots of Speed | 1 | |
| Potion of Lesser Invulnerability | 1 | |
| Potion of Healing | 2 | |
| Potion of Mana | 1 | |
| Scroll of Healing | 1 | |
13 total
Chat log
(02:11 / All) Happybdaywagner: wtf is that
(02:13 / All) Happybdaywagner: ghoul scout really
(02:16 / All) Happybdaywagner: with no harass
(02:20 / All) MomoiroProto: yes really
(02:28 / Allies) snakeplisken: gotta check for afks..
(10:41 / All) DOLLAR4DOLLAR: lots o f tcs
(10:43 / All) DOLLAR4DOLLAR: lots of cows
(14:24 / Allies) CATAPULTDRIVER: yes come
(16:49 / All) MomoiroProto: gg
(16:50 / All) MomoiroProto: we lose
(16:55 / All) MomoiroProto: thanks to me
(17:17 / All) MomoiroProto: didnt even let me expand
(17:19 / Allies) 555015: spare gold?
(19:00 / All) MomoiroProto: its' over
(19:07 / All) MomoiroProto: good thing this is my test account
(19:10 / All) Happybdaywagner: LOL
(19:10 / All) MomoiroProto: it don't matter
(19:12 / All) Happybdaywagner: hahahaha
(19:15 / All) Happybdaywagner: test account
(19:16 / All) Happybdaywagner: lmao
(19:42 / All) CATAPULTDRIVER: My TC raped too hard
(20:05 / Allies) 555015: ty
(20:19 / All) DOLLAR4DOLLAR: test account in 2015
(20:37 / All) CATAPULTDRIVER: I'd probably be level 8 if I stayed split second more
(20:39 / All) CATAPULTDRIVER: at pinks
(22:05 / Allies) Happybdaywagner: wtf teal
(22:07 / Allies) Happybdaywagner: why are you tking me
(22:13 / Allies) Happybdaywagner: TK teal?
(22:38 / All) CATAPULTDRIVER: check items on my badass TC
(22:45 / All) CATAPULTDRIVER: THE HARPYSLAYER!
(23:07 / All) Happybdaywagner: damn that thing would be impossible to kill
(23:19 / All) Happybdaywagner: should sell the tp scroll and get another +5 prot ring
(26:06 / Allies) CATAPULTDRIVER: 1900 hps
(26:11 / Allies) CATAPULTDRIVER: ring +5 and crown of kings
(26:27 / Allies) Happybdaywagner: i protect u teal
(26:50 / Allies) Happybdaywagner: me protect teal
(26:52 / Allies) Happybdaywagner: pro tect
(27:07 / Allies) Happybdaywagner: u PRO tected now TEAL
(27:28 / Allies) Happybdaywagner: teal how glad u are over my pro tection?
(27:39 / Allies) snakeplisken: your tk
(27:43 / Allies) Happybdaywagner: wat?
(27:43 / Allies) snakeplisken: gave yourself away
(27:51 / Allies) Happybdaywagner: wats tk
(27:56 / All) CATAPULTDRIVER: I thought you died, Snake
(28:00 / All) CATAPULTDRIVER: I heard you died
(28:11 / Allies) Happybdaywagner: teal wat is tk?
(28:19 / Allies) Happybdaywagner: like the website?
(28:22 / Allies) Happybdaywagner: my clan has .tk??
(28:52 / Allies) Happybdaywagner: move purp
(28:55 / Allies) Happybdaywagner: for torwnr hawl
(29:18 / All) CATAPULTDRIVER: I HERD YOU DIED SNAKE
(29:23 / Allies) Happybdaywagner: U see teal?
(29:25 / Allies) Happybdaywagner: pro tect u
(29:28 / Allies) Happybdaywagner: ur base is ok now
(29:29 / Allies) Happybdaywagner: pro tected
(29:37 / Allies) Happybdaywagner: teal
(29:41 / Allies) Happybdaywagner: wat du u think of ur new base?
(29:43 / Allies) snakeplisken: gave yourself awaya noob
(29:56 / Allies) snakeplisken: chat log shows it
(30:04 / Allies) snakeplisken: deny it now
(30:04 / Allies) Happybdaywagner: stfu noob
(30:06 / Allies) Happybdaywagner: I rape you noob
(31:37 / All) CATAPULTDRIVER: You want to fight, green?
(32:20 / All) Happybdaywagner: lawl
(32:23 / All) CATAPULTDRIVER: all bitches this game LOL
(32:25 / All) DOLLAR4DOLLAR: weeeeeeeeeeee
(32:26 / All) CATAPULTDRIVER: stats these peeps
(32:26 / All) Happybdaywagner: that was fun tking with halls and peasants
(32:28 / All) DOLLAR4DOLLAR: i know
(32:35 / All) DOLLAR4DOLLAR: did they talk
(32:43 / All) CATAPULTDRIVER: snake is 476-500, other 2-3
(32:43 / All) Happybdaywagner: not much
(32:46 / All) DOLLAR4DOLLAR: pink blamed himself cuz he couldnt get an expo up
(33:05 / All) DOLLAR4DOLLAR: its rare for a 4v4 player to blame themselves
(34:16 / All) CATAPULTDRIVER: Can't kill it near the fountain lol
(34:23 / All) DOLLAR4DOLLAR: fast as shit
(34:35 / All) DOLLAR4DOLLAR: damn u have
(34:38 / All) DOLLAR4DOLLAR: 2k hp basically
(34:43 / All) DOLLAR4DOLLAR: 4k hp with 2nd life
(34:52 / All) DOLLAR4DOLLAR: beast tc
(34:59 / All) CATAPULTDRIVER: plus crown of kings
(34:59 / All) DOLLAR4DOLLAR: attack me see how much damage u do
(35:01 / All) CATAPULTDRIVER: and ring +5
(35:05 / All) CATAPULTDRIVER: of protect
(35:13 / All) CATAPULTDRIVER: it doesn't do a great deal of damage
(35:17 / All) CATAPULTDRIVER: but level 3 shockwave
(35:20 / All) DOLLAR4DOLLAR: teal kept trying to war stop on me lawl
(35:30 / Allies) CATAPULTDRIVER: lawl
(35:31 / All) DOLLAR4DOLLAR: damn
(35:33 / All) DOLLAR4DOLLAR: u take no dam
(36:03 / All) DOLLAR4DOLLAR: imba a shell
(36:40 / All) CATAPULTDRIVER: who lose?
(36:51 / All) Happybdaywagner: I have no preference
(36:54 / All) Happybdaywagner: but your team has 3 legit
(37:01 / All) Happybdaywagner: Green 2-3 too
(37:03 / All) DOLLAR4DOLLAR: k
(37:07 / All) Happybdaywagner: Teal 476-500
(37:13 / All) DOLLAR4DOLLAR: let me die one more time then i leave
(37:17 / All) Happybdaywagner: 68-71 test account pink lmao
(37:33 / All) CATAPULTDRIVER: 4250 health
(37:44 / All) CATAPULTDRIVER: 555 mana
(37:51 / All) CATAPULTDRIVER: 12.5 armor